[ AOE2 MATCH · #491451759 ]
UnrankedVikings vs Persians
Player's team · WIN
Rival team · LOSS
[ REPLAY ANALYSIS · EXTRACTED FROM THE RECORDED GAME ]
Feudal
9:26
Castle
22:24
Imperial
38:30
| APM avg | 51.5 |
| APM peak | 80 |
| eAPM avg | 30.8 |
| Villagers / military | 152 / 103 |
Focus
⚔️ 18.2% · 🌾 81.8%
Archer ×62 · Monk ×12 · Skirmisher ×10 · Militia ×9 · Mangonel ×7 · Spearman ×3
Feudal
8:07
Castle
22:40
Imperial
—
| APM avg | 74.4 |
| APM peak | 109 |
| eAPM avg | 33.1 |
| Villagers / military | 174 / 71 |
Focus
⚔️ 39.3% · 🌾 60.7%
Knight ×41 · Skirmisher ×12 · Mangonel ×11 · Scout Cavalry ×5 · Archer ×2
Match map
Initial resources + every placement click. Lines = walls · curves = elevation contours. ◆ gold · ⬟ stone · ● berries · ✦ relic · ◌ wall gap
Your base· Open — 5t gap
Fabrizio 094455's base· Open — 6t gap
Smoothed initial terrain · ◌ = detected wall gap · hover for details
Inputs per minute
— OX | JuDaS - - Fabrizio 094455
Build order — OX | JuDaS
First 150 of 399 actions detected
| 0:00 | Create | Villager (Male) |
| 0:01 | Create | Villager (Male) |
| 0:02 | Build | House |
| 0:04 | Build | House |
| 0:11 | Create | Villager (Male) |
| 0:11 | Create | Villager (Male) |
| 1:30 | Create | Villager (Male) |
| 1:30 | Create | Villager (Male) |
| 2:00 | Build | Lumber Camp |
| 2:08 | Create | Villager (Male) |
| 2:08 | Create | Villager (Male) |
| 2:28 | Create | Villager (Male) |
| 2:28 | Create | Villager (Male) |
| 2:46 | Create | Villager (Male) |
| 2:46 | Create | Villager (Male) |
| 3:11 | Create | Villager (Male) |
| 3:12 | Create | Villager (Male) |
| 3:35 | Create | Villager (Male) |
| 3:35 | Create | Villager (Male) |
| 3:53 | Build | House |
| 3:54 | Build | House |
| 4:04 | Create | Villager (Male) |
| 4:04 | Create | Villager (Male) |
| 4:25 | Create | Villager (Male) |
| 4:25 | Create | Villager (Male) |
| 4:25 | Create | Villager (Male) |
| 4:27 | Build | Mill |
| 4:47 | Create | Villager (Male) |
| 4:48 | Create | Villager (Male) |
| 5:22 | Create | Villager (Male) |
| 5:24 | Research | Loom |
| 6:22 | Build | Barracks |
| 6:49 | Create | Villager (Male) |
| 7:03 | Build | House |
| 7:16 | Research | Feudal Age |
| 7:36 | Create | Militia |
| 7:36 | Create | Militia |
| 7:46 | Build | Mining Camp |
| 8:07 | Build | Palisade Wall |
| 8:15 | Create | Militia |
| 8:19 | Build | Palisade Wall |
| 8:57 | Create | Villager (Male) |
| 9:08 | Build | Palisade Wall |
| 9:26 | Age | Feudal Age |
| 9:33 | Research | Man-at-Arms (upgrade) |
| 9:34 | Create | Villager (Male) |
| 9:38 | Research | Double-Bit Axe |
| 10:17 | Create | Villager (Male) |
| 10:19 | Create | Spearman |
| 10:23 | Build | Farm |
| 10:51 | Create | Villager (Male) |
| 11:20 | Create | Villager (Male) |
| 11:23 | Build | Farm |
| 11:24 | Build | Farm |
| 11:26 | Build | Farm |
| 11:45 | Build | Farm |
| 11:47 | Build | Farm |
| 11:58 | Build | Farm |
| 12:00 | Build | Farm |
| 12:23 | Create | Villager (Male) |
| 12:23 | Create | Villager (Male) |
| 12:35 | Create | Villager (Male) |
| 12:38 | Build | Archery Range |
| 12:43 | Build | House |
| 12:55 | Create | Spearman |
| 13:00 | Build | House |
| 13:05 | Build | Palisade Wall |
| 13:08 | Create | Villager (Male) |
| 13:26 | Create | Spearman |
| 13:30 | Build | House |
| 13:32 | Build | Palisade Wall |
| 13:38 | Build | Palisade Wall |
| 13:39 | Create | Villager (Male) |
| 13:44 | Create | Archer |
| 13:46 | Create | Archer |
| 13:46 | Create | Archer |
| 13:48 | Create | Villager (Male) |
| 13:59 | Create | Villager (Male) |
| 13:59 | Create | Villager (Male) |
| 14:33 | Build | Farm |
| 14:34 | Create | Villager (Male) |
| 14:36 | Build | Farm |
| 14:39 | Create | Villager (Male) |
| 14:55 | Create | Archer |
| 14:55 | Create | Archer |
| 14:55 | Create | Archer |
| 15:05 | Create | Villager (Male) |
| 15:06 | Create | Villager (Male) |
| 15:06 | Create | Villager (Male) |
| 15:21 | Create | Skirmisher |
| 15:24 | Create | Militia |
| 15:30 | Create | Villager (Male) |
| 15:31 | Create | Villager (Male) |
| 15:31 | Create | Villager (Male) |
| 15:35 | Create | Militia |
| 15:50 | Create | Villager (Male) |
| 15:53 | Build | Farm |
| 15:55 | Build | Farm |
| 16:00 | Create | Militia |
| 16:08 | Create | Skirmisher |
| 16:08 | Create | Skirmisher |
| 16:16 | Create | Villager (Male) |
| 16:19 | Build | Blacksmith |
| 16:54 | Create | Villager (Male) |
| 16:57 | Build | Farm |
| 16:57 | Build | Farm |
| 17:02 | Research | Fletching |
| 17:12 | Create | Skirmisher |
| 17:13 | Create | Skirmisher |
| 17:20 | Create | Villager (Male) |
| 17:20 | Create | Villager (Male) |
| 17:20 | Create | Villager (Male) |
| 17:24 | Build | Farm |
| 17:38 | Create | Militia |
| 17:43 | Create | Villager (Male) |
| 17:43 | Create | Villager (Male) |
| 17:45 | Build | House |
| 18:10 | Create | Villager (Male) |
| 18:15 | Build | Market |
| 18:17 | Create | Villager (Male) |
| 19:02 | Build | Farm |
| 19:41 | Build | Farm |
| 19:43 | Research | Castle Age |
| 20:00 | Create | Skirmisher |
| 20:01 | Create | Skirmisher |
| 20:13 | Build | Farm |
| 20:17 | Research | Arson |
| 20:22 | Build | Lumber Camp |
| 20:26 | Create | Militia |
| 20:29 | Create | Skirmisher |
| 20:39 | Build | Farm |
| 20:50 | Research | Padded Archer Armor |
| 20:56 | Build | House |
| 21:01 | Build | Farm |
| 21:21 | Create | Militia |
| 21:51 | Create | Villager (Male) |
| 21:53 | Create | Skirmisher |
| 21:54 | Create | Skirmisher |
| 22:07 | Create | Villager (Male) |
| 22:24 | Build | Farm |
| 22:24 | Age | Castle Age |
| 22:25 | Research | Horse Collar |
| 22:26 | Research | Gold Mining |
| 22:39 | Research | Scale Mail Armor |
| 22:55 | Create | Villager (Male) |
| 23:01 | Build | Town Center |
| 23:02 | Create | Villager (Male) |
| 23:38 | Create | Villager (Male) |
| 23:40 | Build | Farm |
| 23:44 | Build | Town Center |
Build order — Fabrizio 094455
First 150 of 389 actions detected
| 0:01 | Create | Villager (Male) |
| 0:01 | Create | Villager (Male) |
| 0:02 | Build | House |
| 0:03 | Build | House |
| 0:05 | Create | Villager (Male) |
| 0:06 | Create | Villager (Male) |
| 0:10 | Create | Villager (Male) |
| 1:27 | Create | Villager (Male) |
| 1:48 | Create | Villager (Male) |
| 1:48 | Create | Villager (Male) |
| 1:49 | Build | Lumber Camp |
| 2:16 | Create | Villager (Male) |
| 2:51 | Create | Villager (Male) |
| 2:51 | Create | Villager (Male) |
| 3:03 | Create | Villager (Male) |
| 3:42 | Build | House |
| 3:52 | Create | Villager (Male) |
| 4:19 | Create | Villager (Male) |
| 4:20 | Create | Villager (Male) |
| 4:27 | Build | Mill |
| 5:09 | Create | Villager (Male) |
| 5:32 | Create | Villager (Male) |
| 5:35 | Research | Loom |
| 6:03 | Research | Feudal Age |
| 6:43 | Build | Barracks |
| 7:38 | Build | House |
| 7:51 | Create | Villager (Male) |
| 8:07 | Age | Feudal Age |
| 8:09 | Build | Stable |
| 8:11 | Research | Double-Bit Axe |
| 8:12 | Research | Double-Bit Axe |
| 8:29 | Create | Villager (Male) |
| 8:43 | Create | Villager (Male) |
| 8:44 | Build | Farm |
| 8:48 | Create | Scout Cavalry |
| 8:49 | Create | Scout Cavalry |
| 8:58 | Build | House |
| 9:04 | Create | Villager (Male) |
| 9:11 | Build | Palisade Wall |
| 9:20 | Build | Farm |
| 9:26 | Build | Farm |
| 9:37 | Create | Scout Cavalry |
| 9:40 | Build | House |
| 9:47 | Create | Villager (Male) |
| 9:49 | Build | Farm |
| 10:16 | Build | House |
| 10:19 | Build | House |
| 10:21 | Build | House |
| 10:25 | Create | Scout Cavalry |
| 10:25 | Create | Villager (Male) |
| 10:48 | Create | Villager (Male) |
| 10:49 | Create | Villager (Male) |
| 11:04 | Create | Villager (Male) |
| 11:04 | Create | Villager (Male) |
| 11:06 | Build | Palisade Gate |
| 11:08 | Build | Palisade Wall |
| 11:18 | Create | Villager (Male) |
| 11:45 | Create | Villager (Male) |
| 11:46 | Create | Villager (Male) |
| 11:52 | Create | Villager (Male) |
| 11:54 | Build | Farm |
| 12:02 | Build | Archery Range |
| 12:12 | Create | Villager (Male) |
| 12:16 | Build | Farm |
| 12:27 | Create | Scout Cavalry |
| 12:30 | Create | Villager (Male) |
| 12:35 | Build | Farm |
| 12:43 | Create | Villager (Male) |
| 12:54 | Build | Farm |
| 13:09 | Build | Palisade Wall |
| 13:12 | Create | Villager (Male) |
| 13:18 | Create | Skirmisher |
| 13:32 | Build | Farm |
| 13:41 | Create | Villager (Male) |
| 13:43 | Create | Skirmisher |
| 13:48 | Create | Villager (Male) |
| 13:55 | Create | Skirmisher |
| 14:07 | Create | Skirmisher |
| 14:08 | Create | Villager (Male) |
| 14:23 | Create | Villager (Male) |
| 14:51 | Create | Villager (Male) |
| 14:55 | Build | Farm |
| 14:56 | Build | Farm |
| 14:56 | Build | Farm |
| 15:06 | Create | Skirmisher |
| 15:24 | Build | Farm |
| 15:27 | Build | House |
| 15:33 | Create | Villager (Male) |
| 15:46 | Create | Skirmisher |
| 15:48 | Create | Villager (Male) |
| 15:51 | Build | Farm |
| 15:55 | Build | Farm |
| 15:55 | Build | Farm |
| 16:02 | Build | Lumber Camp |
| 16:14 | Build | Palisade Wall |
| 16:20 | Create | Villager (Male) |
| 16:23 | Build | Mining Camp |
| 16:51 | Create | Skirmisher |
| 16:52 | Create | Villager (Male) |
| 17:05 | Create | Skirmisher |
| 17:25 | Create | Villager (Male) |
| 17:33 | Build | House |
| 17:37 | Create | Archer |
| 17:48 | Research | Wheelbarrow |
| 17:51 | Create | Villager (Male) |
| 17:53 | Build | Farm |
| 18:12 | Create | Villager (Male) |
| 18:13 | Create | Skirmisher |
| 18:16 | Build | House |
| 18:58 | Create | Villager (Male) |
| 19:00 | Create | Skirmisher |
| 19:04 | Build | House |
| 19:13 | Build | Palisade Wall |
| 19:18 | Create | Archer |
| 19:45 | Build | House |
| 19:57 | Build | House |
| 19:58 | Build | Palisade Wall |
| 20:00 | Build | House |
| 20:04 | Create | Villager (Male) |
| 20:07 | Create | Skirmisher |
| 20:07 | Create | Skirmisher |
| 20:14 | Research | Castle Age |
| 20:15 | Research | Castle Age |
| 20:19 | Build | Mining Camp |
| 20:52 | Build | Blacksmith |
| 22:14 | Build | Stable |
| 22:40 | Age | Castle Age |
| 22:56 | Build | Town Center |
| 23:07 | Build | Stone Wall |
| 23:09 | Build | Stone Wall |
| 23:13 | Create | Villager (Male) |
| 23:17 | Create | Villager (Male) |
| 23:22 | Create | Knight |
| 23:22 | Create | Knight |
| 23:25 | Create | Knight |
| 23:43 | Create | Villager (Male) |
| 24:07 | Research | Scale Barding Armor |
| 24:10 | Research | Bloodlines |
| 24:11 | Research | Bloodlines |
| 24:13 | Create | Villager (Male) |
| 24:14 | Create | Villager (Male) |
| 24:43 | Create | Knight |
| 24:43 | Create | Knight |
| 24:43 | Create | Villager (Male) |
| 24:49 | Create | Knight |
| 24:49 | Create | Knight |
| 25:11 | Build | Market |
| 25:17 | Build | Farm |
| 25:33 | Research | Bow Saw |
| 25:34 | Create | Villager (Male) |
Match timeline
| 6:22 | OX | JuDaS · first_building Barracks |
| 6:43 | Fabrizio 094455 · first_building Barracks |
| 8:07 | OX | JuDaS · wall_segment Palisade Wall x6 |
| 8:07 | Fabrizio 094455 · age_up feudal |
| 8:09 | Fabrizio 094455 · first_building Stable |
| 8:19 | OX | JuDaS · wall_segment Palisade Wall x1 |
| 9:08 | OX | JuDaS · wall_segment Palisade Wall x1 |
| 9:11 | Fabrizio 094455 · wall_segment Palisade Wall x6 |
| 9:26 | OX | JuDaS · age_up feudal |
| 11:08 | Fabrizio 094455 · wall_segment Palisade Wall x1 |
| 12:02 | Fabrizio 094455 · first_building Archery Range |
| 12:38 | OX | JuDaS · first_building Archery Range |
| 13:05 | OX | JuDaS · wall_segment Palisade Wall x4 |
| 13:09 | Fabrizio 094455 · wall_segment Palisade Wall x14 |
| 13:32 | OX | JuDaS · wall_segment Palisade Wall x7 |
| 13:38 | OX | JuDaS · wall_segment Palisade Wall x6 |
| 16:14 | Fabrizio 094455 · wall_segment Palisade Wall x8 |
| 19:04 | OX | JuDaS · first_market_sell 500 wood |
| 19:04 | OX | JuDaS · first_market_buy 500 food |
| 19:13 | Fabrizio 094455 · wall_segment Palisade Wall x14 |
| 19:58 | Fabrizio 094455 · wall_segment Palisade Wall x1 |
| 22:24 | OX | JuDaS · age_up castle |
| 22:40 | Fabrizio 094455 · age_up castle |
| 23:07 | Fabrizio 094455 · wall_segment Stone Wall x1 |
| 23:09 | Fabrizio 094455 · wall_segment Stone Wall x1 |
| 24:58 | OX | JuDaS · first_building Monastery |
| 26:05 | Fabrizio 094455 · first_building Siege Workshop |
| 26:23 | Fabrizio 094455 · first_market_buy 100 stone |
| 28:10 | OX | JuDaS · first_building Siege Workshop |
| 32:16 | Fabrizio 094455 · first_building Monastery |
| 35:58 | Fabrizio 094455 · first_market_sell 100 food |
| 38:30 | OX | JuDaS · age_up imperial |
| 39:28 | Fabrizio 094455 · first_building Castle |
| 39:43 | OX | JuDaS · first_building Castle |
| 40:32 | Fabrizio 094455 · resign |
[ AI ANALYSIS · 1 CREDIT ]
What really happened in this match?
Wolo.gg analyzes every decision: build order, eco, micro, common mistakes by bracket. Personalized analysis on WhatsApp or Discord in 30 seconds.
Civ guide
Vikings
Perfil
Jugador #281802